[Event "Team 45 45 League T77"]
[Site "Internet Chess Club"]
[Date "2018.06.25"]
[Round "1"]
[White "SlimeDog2"]
[Black "MovingDutchman"]
[Result "0-1"]
[WhiteElo "2023"]
[BlackElo "2140"]
[Opening "Dutch with c4 & Nc3"]
[ECO "A85"]
[Time "16:02:37"]
[TimeControl "2700+45"]

1. d4 f5 2. c4 Nf6 3. Nc3 e6 4. Nf3 b6 5. g3 Bb7 6. Bg2 Bb4 7. Bd2 O-O 8. O-O d5
9. Ne5 Bxc3 10. bxc3 Nc6 11. cxd5 exd5 12. Nd3 Ne4 13. f3 Nxd2 14. Qxd2 Qe7 15.
f4 Rad8 16. Ne5 Nxe5 17. fxe5 Ba6 18. a4 Bc4 19. Rf2 g6 20. e3 c5 21. Qb2 Rb8
22. Qa3 Rfc8 23. Bf1 Bxf1 24. Kxf1 Rc7 25. Rb2 Qg5 26. Kf2 Qh5 27. Kg2 Qg5 28.
Qb3 Rd8 29. Kf2 Qh6 30. h4 g5 31. hxg5 Qh2+ 32. Kf3 Qh5+ 33. Kf2 Rc6 34. Qb5
Rdc8 35. Qe2 Qh2+ 36. Kf3 Qh3 37. Kf2 cxd4 38. cxd4 Rc2 {White resigns} 0-1

[Event "Team 45 45 League T77"]
[Site "Internet Chess Club"]
[Date "2018.06.24"]
[Round "1"]
[White "kllrchris"]
[Black "backrankbrawler"]
[Result "0-1"]
[WhiteElo "1646"]
[BlackElo "1743"]
[Opening "French: Rubinstein variation"]
[ECO "C03"]
[Time "21:13:58"]
[TimeControl "2700+45"]

1. e4 e6 2. d4 d5 3. Nd2 dxe4 4. Nxe4 Nd7 5. Nf3 Ngf6 6. Bd3 c5 7. O-O Nxe4 8.
Bxe4 Nf6 9. Bg5 cxd4 10. Qe2 Be7 11. Rfd1 O-O 12. Rxd4 Qb6 13. Bd3 h6 14. Bh4
Qxb2 15. Rd1 Qxa2 16. Bxf6 Bxf6 17. Rg4 g6 18. Qe4 Bg7 19. Rxg6 fxg6 20. Qxg6
Qb2 21. Nd4 Rxf2 22. Bb5 Rf6 23. Qe8+ Rf8 24. Qg6 a6 25. Bc4 Qb6 26. Kh1 Bd7 27.
Nf5 Rxf5 28. Rxd7 Qb1+ {White resigns} 0-1

[Event "Team 45 45 League T77"]
[Site "Internet Chess Club"]
[Date "2018.06.23"]
[Round "1"]
[White "justice02"]
[Black "Manon"]
[Result "0-1"]
[WhiteElo "1654"]
[BlackElo "1716"]
[Opening "Sicilian defense"]
[ECO "B30"]
[Time "10:00:38"]
[TimeControl "2700+45"]

1. e4 c5 2. Nf3 Nc6 3. c3 e6 4. d4 cxd4 5. cxd4 d5 6. e5 Bb4+ 7. Bd2 Qa5 8. a3
Bxd2+ 9. Qxd2 Qb6 10. b4 Bd7 11. Nc3 Nce7 12. Rc1 Nh6 13. Be2 O-O 14. O-O Rfc8
15. Rc2 Rc7 16. Rfc1 Rac8 17. Nd1 Rxc2 18. Rxc2 Rxc2 19. Qxc2 Nc6 20. Qc5 Qxc5
21. bxc5 Nf5 22. Nc3 Nfxd4 23. Nxd4 Nxd4 24. Bd1 f6 25. f4 fxe5 26. fxe5 Nc6 27.
Nb5 Nxe5 28. Nxa7 Nd3 29. c6 bxc6 30. Bc2 Ne5 31. h3 c5 32. a4 d4 33. Kf2 c4 34.
Nb5 d3 35. Bd1 Bxb5 36. axb5 c3 37. Ke3 c2 38. Bxc2 dxc2 39. Kd2 Nc4+ 40. Kxc2
Na3+ 41. Kd3 Nxb5 42. Ke4 Kf7 43. g4 g5 44. Ke5 Nc3 {White resigns} 0-1

[Event "Team 45 45 League T77"]
[Site "Internet Chess Club"]
[Date "2018.06.23"]
[Round "1"]
[White "WillC"]
[Black "swagnik"]
[Result "1-0"]
[WhiteElo "1723"]
[BlackElo "1610"]
[Opening "Queen's pawn game"]
[ECO "A46"]
[Time "17:08:24"]
[TimeControl "2700+45"]

1. d4 Nf6 2. Nf3 e6 3. b3 Bb4+ 4. c3 Be7 5. e3 d5 6. Bd3 c5 7. O-O O-O 8. Bb2
Nc6 9. Nbd2 b6 10. Rc1 Bb7 11. Qe2 Bd6 12. c4 Nb4 13. Bb1 Ne4 14. a3 Nxd2 15.
Nxd2 Nc6 16. dxc5 Bxc5 17. Rfd1 Qg5 18. Nf3 Qh5 19. Qc2 Ne7 20. Qc3 Qh6 21. Ne5
Rad8 22. Ng4 Qg5 23. f3 f6 24. Qd3 Nf5 25. Bd4 dxc4 26. Qxc4 Nxd4 27. exd4 Bxd4+
28. Kh1 Rfe8 29. Qe2 e5 30. Rc7 Bd5 31. Qc2 Qh5 32. Nxf6+ gxf6 33. Rxh7 Qg5 34.
h4 Qg3 35. Qf5 Bxf3 36. Qxf3 Bf2 37. Rf1 Rd2 38. Qh5 Qxh4+ 39. Qxh4 Bxh4 40.
Rxh4 Red8 41. Be4 R8d4 42. Rg4+ Kf7 43. Bf5 Rxg4 44. Bxg4 Rd3 45. Rf3 Rxf3 46.
Bxf3 Ke6 47. g4 Kf7 48. Be4 Kg7 49. Kg2 Kh6 50. Kf3 Kg5 51. Bf5 Kh6 52. Ke4 Kg5
53. Kd5 Kf4 54. b4 Kf3 55. b5 Kf4 56. Ke6 e4 57. Kxf6 e3 58. Bd3 Kxg4 59. Ke5
Kf3 60. Kd5 e2 61. Bxe2+ Kxe2 62. Kc6 Kd3 63. Kb7 Kc4 64. a4 Kb4 65. Kxa7 Ka5
66. Kb7 Kxa4 67. Kxb6 Kb4 68. Kc6 {Black resigns} 1-0

[Event "Team 45 45 League T77"]
[Site "Internet Chess Club"]
[Date "2018.06.22"]
[Round "1"]
[White "bobhill"]
[Black "fishhead"]
[Result "1-0"]
[WhiteElo "1830"]
[BlackElo "1683"]
[Opening "King's Indian: Torre attack"]
[ECO "A48"]
[Time "12:00:44"]
[TimeControl "2700+45"]

1. d4 Nf6 2. Nf3 g6 3. Bg5 Bg7 4. Nbd2 h6 5. Bh4 g5 6. Bg3 Nh5 7. e4 d6 8. c3
Bg4 9. Bc4 e5 10. Qb3 O-O 11. Qxb7 Nd7 12. Qb3 Rb8 13. Qc2 c5 14. dxc5 dxc5 15.
O-O Qe7 16. a3 Nf4 17. Rfe1 Bh5 18. Rad1 Nf6 19. Bxf4 exf4 20. e5 Ng4 21. e6 f5
22. Nf1 Nf6 23. Rd7 {Black resigns} 1-0

[Event "Team 45 45 League T77"]
[Site "Internet Chess Club"]
[Date "2018.06.24"]
[Round "1"]
[White "room-matt"]
[Black "Yedixon"]
[Result "1-0"]
[WhiteElo "1822"]
[BlackElo "1702"]
[Opening "Pirc: Ufimtsev-Pytel variation"]
[ECO "B07"]
[Time "14:02:47"]
[TimeControl "2700+45"]

1. e4 d6 2. d4 Nf6 3. Nc3 c6 4. Be2 g6 5. g4 b5 6. g5 Nfd7 7. Bf3 e5 8. a3 a6 9.
Bg2 Bg7 10. Nf3 O-O 11. h4 Bb7 12. Ne2 exd4 13. Nfxd4 c5 14. Nb3 c4 15. Nbd4 Nc5
16. Nc3 Re8 17. f3 d5 18. Nde2 dxe4 19. Qxd8 Rxd8 20. Nxe4 Nxe4 21. fxe4 Re8 22.
Ng3 Nd7 23. O-O Nc5 24. Re1 f5 25. gxf6 Bxf6 26. h5 Bh4 27. Bf4 g5 28. Bd6 Bxg3
29. Bxg3 Bxe4 30. Rad1 Bxg2 31. Kxg2 Ne4 32. Rd5 h6 33. Be5 Nf6 34. Rd6 Ng4 35.
Rg6+ Kf7 36. Rg7+ Ke6 37. Bb8+ {Black resigns} 1-0

[Event "Team 45 45 League T77"]
[Site "Internet Chess Club"]
[Date "2018.06.24"]
[Round "1"]
[White "Beetlejuice"]
[Black "LinceHispano44"]
[Result "0-1"]
[WhiteElo "1713"]
[BlackElo "1694"]
[Opening "Catalan opening"]
[ECO "E00"]
[Time "09:31:04"]
[TimeControl "2700+45"]

1. d4 Nf6 2. c4 e6 3. g3 d5 4. Nf3 c6 5. Qc2 Bb4+ 6. Nbd2 b6 7. Bg2 Bb7 8. O-O
Nbd7 9. Rd1 O-O 10. e4 Bxd2 11. Nxd2 dxe4 12. Nxe4 Nxe4 13. Qxe4 Nf6 14. Qh4 h6
15. b3 Qe7 16. Be3 Rfd8 17. Rac1 Rd7 18. g4 Rad8 19. Re1 c5 20. Bxb7 Rxb7 21.
dxc5 bxc5 22. Qg3 Rbd7 23. h3 Rd3 24. Qe5 Nd7 25. Qc7 Qf6 26. Red1 Ne5 27. Rxd3
Rxd3 28. Qxc5 Nf3+ 29. Kg2 Nh4+ 30. Kf1 Qf3 31. Qb4 Rxe3 32. Qb8+ Kh7 33. Qg3
Qe2+ 34. Kg1 Rxg3+ {White resigns} 0-1

[Event "Team 45 45 League T77"]
[Site "Internet Chess Club"]
[Date "2018.06.22"]
[Round "1"]
[White "Goli"]
[Black "Zugzwanged"]
[Result "1/2-1/2"]
[WhiteElo "1653"]
[BlackElo "1723"]
[Opening "French: exchange variation"]
[ECO "C01"]
[Time "14:01:57"]
[TimeControl "2700+45"]

1. e4 e6 2. d4 d5 3. exd5 exd5 4. Bd3 Bd6 5. Ne2 Ne7 6. Nbc3 c6 7. Bg5 Qc7 8.
Qd2 h6 9. Bh4 Be6 10. f4 Bg4 11. h3 Bxe2 12. Nxe2 Nd7 13. Qe3 Nb6 14. a4 O-O-O
15. O-O Rde8 16. a5 Nc4 17. Bxc4 Nf5 18. Qd2 dxc4 19. Bf2 f6 20. b4 cxb3 21.
cxb3 Qe7 22. Nc3 Bb4 23. Rfc1 Nd6 24. Qd3 Bxc3 25. Rxc3 Ne4 26. Rc2 Qd6 27. d5
Kb8 28. Rd1 Nxf2 29. Rxf2 cxd5 30. Qxd5 Qxd5 31. Rxd5 Rd8 32. Rfd2 Rxd5 33. Rxd5
Kc7 34. b4 a6 35. b5 axb5 36. Rxb5 Re8 37. Kf2 Re4 38. Kf3 Ra4 39. h4 Kc6 40.
Rb6+ Kc7 41. Rb5 Kc6 42. Rb6+ Kc7 43. Rb5 {Game drawn by repetition} 1/2-1/2

[Event "Team 45 45 League T77"]
[Site "Internet Chess Club"]
[Date "2018.06.22"]
[Round "1"]
[White "texasnurse"]
[Black "Monterrey"]
[Result "1-0"]
[WhiteElo "2114"]
[BlackElo "1867"]
[Opening "French: King's Indian attack"]
[ECO "C00"]
[Time "20:01:51"]
[TimeControl "2700+45"]

1. e4 e6 2. d3 d5 3. Nd2 Nf6 4. g3 Nc6 5. Bg2 Bc5 6. c3 dxe4 7. Nxe4 Nxe4 8.
Bxe4 e5 9. Qh5 Qe7 10. Nf3 Bd6 11. O-O g6 12. Qh6 f5 13. Bxc6+ bxc6 14. Re1 Be6
15. Nxe5 Bxe5 16. Rxe5 Kd7 17. Bg5 Qf7 18. Rxe6 Kxe6 19. Qh4 Kd7 20. Qd4+ {Black
resigns} 1-0

[Event "Team 45 45 League T77"]
[Site "Internet Chess Club"]
[Date "2018.06.24"]
[Round "1"]
[White "achessman"]
[Black "MovingDutchman"]
[Result "0-1"]
[WhiteElo "1859"]
[BlackElo "2128"]
[Opening "Scandinavian defense"]
[ECO "B01"]
[Time "06:13:05"]
[TimeControl "2700+45"]

1. e4 d5 2. exd5 Nf6 3. d4 Bg4 4. f3 Bf5 5. Bb5+ Nbd7 6. c4 a6 7. Bxd7+ Qxd7 8.
Ne2 O-O-O 9. O-O e6 10. dxe6 Qxe6 11. b3 Bc5 12. Kh1 h6 13. Bb2 Rhe8 14. Ng3
Bxd4 15. Bxd4 c5 16. Nxf5 Qxf5 17. Re1 Rxe1+ 18. Qxe1 cxd4 19. Nd2 d3 20. Rd1
Qa5 21. c5 Qxa2 22. c6 bxc6 23. Ra1 Qc2 24. Rc1 Re8 25. Ne4 Nxe4 26. Rxc2 dxc2
27. fxe4 Rd8 {White resigns} 0-1

[Event "Team 45 45 League T77"]
[Site "Internet Chess Club"]
[Date "2018.06.24"]
[Round "1"]
[White "justice02"]
[Black "laurenpar"]
[Result "0-1"]
[WhiteElo "1646"]
[BlackElo "1856"]
[Opening "Sicilian: Hungarian variation"]
[ECO "B27"]
[Time "01:38:27"]
[TimeControl "2700+45"]

1. e4 c5 2. Nf3 g6 3. c3 Bg7 4. d4 cxd4 5. cxd4 d5 6. e5 Bg4 7. Be2 Nc6 8. Nc3
Nh6 9. O-O O-O 10. a3 Nf5 11. Be3 e6 12. b4 Bxf3 13. Bxf3 f6 14. exf6 Qxf6 15.
Ne2 Ncxd4 16. Nxd4 Nxd4 17. Bxd4 Qxd4 18. Qxd4 Bxd4 19. Rad1 Bb6 20. Rfe1 Kf7
21. Rd3 Rac8 22. Bg4 Kg7 23. Rf3 Rxf3 24. gxf3 Rc2 25. Rxe6 d4 26. Rd6 h5 27.
Be6 d3 28. Rxd3 Rxf2 29. Kh1 Kf6 30. Bd5 h4 31. Bxb7 h3 32. Rd6+ Kg5 33. Rd1 Bc7
34. Rg1+ Kf6 35. Rg3 Bxg3 36. hxg3 Rg2 37. g4 Ra2 38. b5 g5 39. a4 Ke5 40. Bc6
Kf4 41. a5 Kg3 {White resigns} 0-1

[Event "Team 45 45 League T77"]
[Site "Internet Chess Club"]
[Date "2018.06.25"]
[Round "1"]
[White "LookImYourVader"]
[Black "bennywins"]
[Result "1-0"]
[WhiteElo "1824"]
[BlackElo "1660"]
[Opening "Scotch gambit"]
[ECO "C44"]
[Time "15:00:36"]
[TimeControl "2700+45"]

1. e4 e5 2. Nf3 Nc6 3. d4 exd4 4. Bc4 Bb4+ 5. c3 dxc3 6. bxc3 Bd6 7. O-O h6 8.
e5 Bc5 9. Bxf7+ Kxf7 10. Qd5+ Kf8 11. Qxc5+ d6 12. Qa3 Qe8 13. exd6 cxd6 14.
Qxd6+ Nge7 15. Ba3 Bd7 16. Re1 Rd8 17. Ne5 Bf5 18. Qc7 Nxe5 19. Qxe5 Kf7 20.
Bxe7 {Black resigns} 1-0

[Event "Team 45 45 League T77"]
[Site "Internet Chess Club"]
[Date "2018.06.24"]
[Round "1"]
[White "HomerSimpson"]
[Black "janh"]
[Result "1-0"]
[WhiteElo "2001"]
[BlackElo "1909"]
[Opening "Réti opening"]
[ECO "A11"]
[Time "23:21:51"]
[TimeControl "2700+45"]

1. Nf3 d5 2. c4 c6 3. g3 Nf6 4. Bg2 e6 5. O-O Nbd7 6. b3 Be7 7. Bb2 O-O 8. d3 b6
9. Nbd2 Bb7 10. e4 Nc5 11. e5 Nfd7 12. Qe2 Rc8 13. d4 Na6 14. Rfd1 Nc7 15. Rac1
c5 16. Nf1 dxc4 17. bxc4 Qe8 18. d5 exd5 19. Ne1 Ba6 20. Bxd5 Nxd5 21. Rxd5 Nb8
22. Ne3 Qc6 23. Nf5 Qe6 24. Nxe7+ Qxe7 25. Rcd1 Qe6 26. Ng2 Qc6 27. Rd6 Qa4 28.
Ne3 Nc6 29. Qg4 g6 30. Nd5 Qxc4 31. Qxc4 Bxc4 32. Rxc6 Bxd5 33. Rxc8 {Black
resigns} 1-0

[Event "Team 45 45 League T77"]
[Site "Internet Chess Club"]
[Date "2018.06.21"]
[Round "1"]
[White "primerpaso"]
[Black "Terte"]
[Result "1/2-1/2"]
[WhiteElo "1850"]
[BlackElo "1775"]
[Opening "English: Anglo-Dutch defense"]
[ECO "A10"]
[Time "12:00:08"]
[TimeControl "2700+45"]

1. c4 f5 2. Nc3 Nf6 3. g3 g6 4. Bg2 Bg7 5. e4 d6 6. exf5 gxf5 7. d4 c6 8. Nge2
O-O 9. O-O e5 10. b3 Nh5 11. dxe5 dxe5 12. Ba3 Qxd1 13. Raxd1 Re8 14. Rfe1 Be6
15. Na4 Na6 16. Nc1 Rad8 17. Nd3 e4 18. Ndc5 Nxc5 19. Nxc5 Bc8 20. Bf1 Bc3 21.
Rxd8 Rxd8 22. Rc1 Bg7 23. g4 fxg4 24. Nxe4 Nf4 25. Bd6 Bf5 26. Bxf4 Bxe4 27. Be3
b6 28. a4 Bf3 29. c5 Bd4 30. Bc4+ Kg7 31. Bxd4+ Rxd4 32. cxb6 axb6 33. Kf1 Kf6
34. Be2 c5 35. Rc3 Bd5 36. Bc4 Bxc4+ 37. bxc4 Rd1+ 38. Ke2 Ra1 39. Rb3 Rxa4 40.
Rxb6+ Kg5 41. Kd3 Ra2 42. Ke3 Rc2 43. f4+ Kf5 44. Rh6 Rxc4 45. Rh5+ Kf6 46. Rxh7
Rc3+ 47. Ke4 Rh3 48. Rxh3 gxh3 49. Kd5 Kf5 50. Kxc5 Kxf4 51. Kd4 Kf3 52. Kd3 Kg2
53. Ke2 Kxh2 54. Kf2 Kh1 55. Kf1 h2 56. Kf2 {Black stalemated} 1/2-1/2

[Event "Team 45 45 League T77"]
[Site "Internet Chess Club"]
[Date "2018.06.24"]
[Round "1"]
[White "Sloggi"]
[Black "ANGELLR"]
[Result "1/2-1/2"]
[WhiteElo "1908"]
[BlackElo "1859"]
[Opening "QGD Slav: exchange variation"]
[ECO "D13"]
[Time "22:09:47"]
[TimeControl "2700+45"]

1. d4 d5 2. c4 c6 3. Nf3 Nf6 4. cxd5 cxd5 5. Nc3 e6 6. Bf4 Bd6 7. Bg5 Nbd7 8. e3
O-O 9. Bd3 a6 10. a4 b6 11. O-O Bb7 12. Qe2 Be7 13. Rfc1 Ne4 14. Bf4 Ndf6 15.
Ne5 Bd6 16. h3 Qe7 17. Rc2 h6 18. Rac1 Rfc8 19. f3 Nxc3 20. Rxc3 Rxc3 21. Rxc3
a5 22. Qc2 Ne8 23. Bb5 Bb4 24. Bxe8 Qxe8 25. Rc7 Rc8 26. Nd3 Bf8 27. b3 Be7 28.
Rxc8 Bxc8 29. Bc7 Bd8 30. Ne5 Bb7 31. f4 f6 32. Nf3 Qd7 33. Bxd8 Qxd8 34. g4 Qc8
35. Qxc8+ Bxc8 36. Kf2 Ba6 37. Ke1 Kf7 38. h4 Ke7 39. g5 b5 40. axb5 Bxb5 41.
Kd2 Kf7 42. h5 hxg5 43. fxg5 fxg5 44. Nxg5+ Kf6 45. Nh3 e5 46. dxe5+ Kxe5 47.
Nf2 Kf5 48. Kc3 Ke5 49. Ng4+ Ke4 50. Kd2 Bd7 51. h6 gxh6 52. Nf6+ Kf5 53. Nxd7
h5 54. Ke2 h4 55. Kf3 h3 56. Nb6 {Game drawn by mutual agreement} 1/2-1/2

[Event "Team 45 45 League T77"]
[Site "Internet Chess Club"]
[Date "2018.06.21"]
[Round "1"]
[White "QuieroAprender"]
[Black "charles-allen"]
[Result "1/2-1/2"]
[WhiteElo "1566"]
[BlackElo "1854"]
[Opening "French: exchange, Svenonius variation"]
[ECO "C00"]
[Time "20:01:58"]
[TimeControl "2700+45"]

1. e4 e6 2. Nc3 d5 3. exd5 exd5 4. d4 Nf6 5. Bg5 Be7 6. Nf3 O-O 7. Be2 Bf5 8.
O-O h6 9. Bxf6 Bxf6 10. h3 c6 11. Bd3 Bxd3 12. Qxd3 Nd7 13. Rfe1 Qb6 14. Na4 Qb4
15. b3 Rfe8 16. c3 Qd6 17. Rxe8+ Rxe8 18. Re1 Re6 19. Qb1 b6 20. Nb2 c5 21. Rxe6
Qxe6 22. Qd1 g6 23. Qd2 Bg7 24. Nd1 Nf6 25. Ne3 Ne4 26. Qd3 Bf8 27. dxc5 Bxc5
28. b4 Bxe3 29. Qxe3 Qc6 30. Qxh6 Qxc3 31. Qf4 Qa1+ 32. Kh2 Qxa2 33. Qe5 a5 34.
h4 Nxf2 35. Qb8+ Kg7 36. Qe5+ Kg8 37. Qb8+ Kg7 38. Qe5+ f6 39. Qe7+ Kg8 40. Qe6+
Kg7 41. Qe7+ Kg8 42. Qe6+ Kg7 43. Qe7+ Kg8 {Game drawn by repetition} 1/2-1/2

[Event "Team 45 45 League T77"]
[Site "Internet Chess Club"]
[Date "2018.06.24"]
[Round "1"]
[White "ascoli"]
[Black "IndianTaker"]
[Result "0-1"]
[WhiteElo "1741"]
[BlackElo "1723"]
[Opening "English: Sicilian reversed"]
[ECO "A25"]
[Time "15:01:50"]
[TimeControl "2700+45"]

1. c4 e5 2. Nc3 Nc6 3. g3 f5 4. Bg2 Nf6 5. d3 Bb4 6. a3 Bxc3+ 7. bxc3 O-O 8. Rb1
d6 9. Nh3 Qe8 10. O-O f4 11. gxf4 Qh5 12. Ng5 h6 13. Nf3 Rb8 14. fxe5 dxe5 15.
Ne1 Bh3 16. Bf3 Ng4 17. e4 Rxf3 18. Qxf3 Bxf1 19. Qg3 Bh3 20. Nf3 Nf6 21. Be3
Qg4 22. Nh4 Qxg3+ 23. hxg3 Kf7 24. f3 Be6 25. g4 b6 26. Kf2 Rd8 27. Ke2 g5 28.
Ng2 Kg6 29. Bf2 h5 30. gxh5+ Nxh5 31. Rh1 Nf4+ 32. Nxf4+ exf4 33. Rg1 Rd7 34.
Bh4 g4 35. fxg4 Ne5 36. d4 Bxc4+ 37. Kf2 Nd3+ 38. Kf3 Rf7 39. e5 Bd5+ 40. Ke2
Nb2 41. Bf6 f3+ 42. Ke3 Nc4+ 43. Kd3 Nxa3 44. Ra1 f2 45. Ke2 Nc2 46. Rxa7 f1=Q+
47. Kxf1 Ne3+ 48. Ke2 Nxg4 49. Kd3 Nxf6 50. exf6 Kxf6 51. c4 Be6 52. d5 Bf5+ 53.
Kc3 Ke5 54. Kb4 c5+ {White resigns} 0-1

[Event "Team 45 45 League T77"]
[Site "Internet Chess Club"]
[Date "2018.06.21"]
[Round "1"]
[White "misuc56"]
[Black "ChessRooklift"]
[Result "0-1"]
[WhiteElo "1471"]
[BlackElo "1657"]
[Opening "Queen's pawn: Lundin (Kevitz-Mikenas) defense"]
[ECO "A40"]
[Time "19:02:26"]
[TimeControl "2700+45"]

1. d4 Nc6 2. c4 e5 3. d5 Nce7 4. e4 Ng6 5. Nc3 Bb4 6. Bd2 Nf6 7. Bd3 Bxc3 8.
Bxc3 d6 9. h3 O-O 10. Nf3 Re8 11. Bd2 Nh5 12. Be3 Nhf4 13. O-O Bd7 14. Bc2 Qc8
15. Kh2 Bxh3 16. g3 Bxf1 17. Qxf1 Nh5 18. Qe2 Nf6 19. Ng1 Ng4+ 20. Kh1 Nxe3 21.
Qxe3 h6 22. Kg2 Qd7 23. Nf3 Rf8 24. Nh2 b6 25. Rf1 a5 26. Bd1 b5 27. b3 bxc4 28.
bxc4 Rab8 29. Bg4 Qe7 30. Qc3 Qg5 31. Bf5 Nh4+ 32. Kh1 Nxf5 33. exf5 Qxf5 34.
Kg2 Rb1 35. Qxa5 Rxf1 36. Nxf1 Qe4+ 37. Kg1 Qxc4 38. Ne3 Qc5 39. Qa6 g6 40. Qd3
Kg7 41. Kg2 Ra8 42. Qe2 Ra3 43. g4 Qd4 44. Kf1 Qa1+ 45. Kg2 Rxa2 46. Qc4 Ra7 47.
Qd3 Qd4 48. Qb1 Ra3 49. Qc1 Rc3 50. Qe1 Rxe3 51. fxe3 Qxg4+ 52. Kf1 Qf3+ 53. Kg1
Qxd5 54. Qc3 Qc5 55. Qd3 d5 56. Kg2 Qc4 57. Qd2 c5 58. Kf3 Qe4+ 59. Kf2 d4 60.
Qa5 Qxe3+ 61. Kg2 c4 62. Qc7 c3 63. Kh2 Qd2+ 64. Kg3 Qe3+ 65. Kg2 Qe4+ 66. Kg3
c2 67. Kf2 d3 68. Kg3 {White resigns} 0-1

[Event "Team 45 45 League T77"]
[Site "Internet Chess Club"]
[Date "2018.06.24"]
[Round "1"]
[White "edelgado"]
[Black "mambo99"]
[Result "0-1"]
[WhiteElo "1465"]
[BlackElo "1487"]
[Opening "Robatsch (modern) defense"]
[ECO "B06"]
[Time "14:53:44"]
[TimeControl "2700+45"]

1. e4 g6 2. d4 Bg7 3. Nc3 d6 4. Bc4 e6 5. Qe2 a6 6. Nf3 b5 7. Bb3 Nd7 8. Bg5 Ne7
9. Rd1 h6 10. Bh4 O-O 11. a3 Bb7 12. O-O Re8 13. Rfe1 Qc8 14. Na2 c5 15. c4 bxc4
16. Bxc4 g5 17. Bg3 d5 18. exd5 exd5 19. Bd3 c4 20. Bb1 Ng6 21. Qxe8+ Qxe8 22.
Rxe8+ Rxe8 23. Bxg6 fxg6 24. Nc3 Kf7 25. h3 Bc6 26. Kf1 Bf6 27. Re1 Rxe1+ 28.
Kxe1 Ke6 29. Kd2 Kf5 30. Be5 Nxe5 31. dxe5 Bxe5 32. g4+ Kf4 33. Nxe5 Kxe5 34.
Ke3 d4+ {White resigns} 0-1

[Event "Team 45 45 League T77"]
[Site "Internet Chess Club"]
[Date "2018.06.26"]
[Round "1"]
[White "mongmong"]
[Black "pita"]
[Result "0-1"]
[WhiteElo "1474"]
[BlackElo "1338"]
[Opening "Queen's pawn game"]
[ECO "D04"]
[Time "19:01:56"]
[TimeControl "2700+45"]

1. d4 d5 2. Nf3 Nf6 3. e3 g6 4. c4 c6 5. Nbd2 Bg7 6. Be2 O-O 7. O-O Bg4 8. b4
Nbd7 9. Bb2 Qb6 10. Bc3 a6 11. Qb3 Ne4 12. Rfe1 Nxd2 13. Nxd2 Bxe2 14. Rxe2 e6
15. Ree1 Nf6 16. a4 Qc7 17. h3 b5 18. cxd5 cxd5 19. Rac1 Rfc8 20. Bb2 Qd7 21.
axb5 Rxc1 22. Rxc1 Qxb5 23. Rc5 Qe2 24. Qc2 Qe1+ 25. Nf1 Qxb4 26. Rc8+ Rxc8 27.
Qxc8+ Bf8 28. Bc3 Qc4 29. Qxc4 dxc4 30. Nd2 Nd5 31. Nb1 Nxc3 32. Nxc3 Bb4 33.
Na2 a5 34. Kf1 Kf8 35. Ke2 Ke7 36. Kd1 f5 37. f3 Kd6 38. e4 Kc6 39. Kc2 Kd6 40.
Nc3 fxe4 41. fxe4 Kc6 42. Ne2 Kd7 43. Nc3 Kc6 44. Ne2 a4 45. Nf4 Kd6 46. e5+ Kc6
47. Nxe6 Kd5 48. Nc7+ Kxd4 49. e6 Ke5 50. Na6 Be7 51. Kc3 a3 52. Nc7 Bf6 53. Kc2
a2 54. Kb2 Kd6+ 55. Kxa2 {White resigns} 0-1

[Event "Team 45 45 League T77"]
[Site "Internet Chess Club"]
[Date "2018.06.25"]
[Round "1"]
[White "andrew37"]
[Black "Ajolote"]
[Result "1/2-1/2"]
[WhiteElo "1681"]
[BlackElo "1845"]
[Opening "Sicilian defense"]
[ECO "B32"]
[Time "18:02:17"]
[TimeControl "2700+45"]

1. e4 c5 2. Nf3 Nc6 3. d4 cxd4 4. Nxd4 Qb6 5. Nb3 e6 6. Be2 Nf6 7. Nc3 a6 8. O-O
Be7 9. Be3 Qc7 10. f4 d6 11. Qe1 O-O 12. Qf2 b5 13. Bf3 Bb7 14. Rad1 Rac8 15.
Bb6 Qb8 16. a3 Nd7 17. Be3 Qc7 18. Kh1 Na5 19. Nxa5 Qxa5 20. Bd4 b4 21. axb4
Qxb4 22. Ra1 Qc4 23. Ra4 Qc7 24. Be2 Qc6 25. Bf3 Nc5 26. Ra2 Qc7 27. Rd1 Rfd8
28. h3 Nd7 29. Be2 Qc6 30. Bf3 Bf8 31. Raa1 g6 32. f5 Bg7 33. e5 d5 34. f6 Bf8
35. Qh4 Bc5 36. Qh6 Bf8 37. Qh4 Bc5 38. Qh6 Bf8 39. Qh4 {Game drawn by
repetition} 1/2-1/2

[Event "Team 45 45 League T77"]
[Site "Internet Chess Club"]
[Date "2018.06.23"]
[Round "1"]
[White "kabindra"]
[Black "JPSVI"]
[Result "1-0"]
[WhiteElo "1738"]
[BlackElo "1329"]
[Opening "French: advance, Euwe variation"]
[ECO "C02"]
[Time "17:09:46"]
[TimeControl "2700+45"]

1. e4 e6 2. d4 d5 3. e5 c5 4. c3 Nc6 5. Nf3 Bd7 6. Bd3 cxd4 7. cxd4 Qb6 8. O-O
Nxd4 9. Nxd4 Qxd4 10. Re1 Ne7 11. Nc3 a6 12. Qf3 Nc6 13. Qg3 Nb4 14. Bb1 g6 15.
a3 Nc6 16. Bf4 Qb6 17. b4 Nd4 18. Be3 Rc8 19. Qf4 Rxc3 20. Bxd4 Rc4 21. Rd1 Qd8
22. Bd3 Rc8 23. Qe3 Qh4 24. g3 Qh6 25. Qe2 Be7 26. Be3 Qh3 27. Qd2 O-O 28. Bf1
Qf5 29. Bh6 Rfd8 30. Qe3 Rc2 31. Bd3 Rc3 32. Bxf5 Rxe3 33. Bxe3 gxf5 34. Rac1
Kf8 35. Bb6 Re8 {Black resigns} 1-0

[Event "Team 45 45 League T77"]
[Site "Internet Chess Club"]
[Date "2018.06.21"]
[Round "1"]
[White "a-man"]
[Black "AboardBuffalo"]
[Result "1-0"]
[WhiteElo "1700"]
[BlackElo "1500"]
[Opening "Neo-Grünfeld, 6.O-O"]
[ECO "D77"]
[Time "19:00:17"]
[TimeControl "2700+45"]

1. d4 Nf6 2. Nf3 g6 3. g3 Bg7 4. Bg2 O-O 5. O-O d5 6. c4 dxc4 7. Ne5 Bf5 8. Bxb7
Nbd7 9. Nc6 Qe8 10. Bxa8 Qxa8 11. Nxe7+ Kh8 12. Nxf5 gxf5 13. Nc3 Re8 14. Qc2
Ne4 15. Nxe4 Rxe4 16. Qxc4 c5 17. Qxf7 Rxd4 18. Be3 Rd5 19. Rad1 Rxd1 20. Rxd1
Ne5 21. Qxf5 c4 22. Bg5 Nc6 23. Bf6 Bxf6 24. Qxf6+ Kg8 25. Rd7 Qf8 26. Qxc6 Kh8
27. Qc7 {Black resigns} 1-0

[Event "Team 45 45 League T77"]
[Site "Internet Chess Club"]
[Date "2018.06.24"]
[Round "1"]
[White "ChessPlayer2005"]
[Black "President"]
[Result "1-0"]
[WhiteElo "1519"]
[BlackElo "1555"]
[Opening "Owen defense"]
[ECO "B00"]
[Time "16:00:48"]
[TimeControl "2700+45"]

1. e4 b6 2. d4 Bb7 3. Bd3 e6 4. Nf3 Nf6 5. Nc3 Bb4 6. Qe2 O-O 7. Bd2 d5 8. e5
Bxc3 9. Bxc3 Ne4 10. O-O Nxc3 11. bxc3 c5 12. Qd2 c4 13. Be2 h6 14. Qf4 Nc6 15.
Nh4 g5 16. Qg3 Ne7 17. Nf3 Nf5 18. Qh3 Kg7 19. Ne1 Bc8 20. Bg4 f6 21. f4 Qe7 22.
Bh5 Bd7 23. a4 Nh4 24. g3 Ng6 25. Bxg6 Kxg6 26. g4 f5 27. Qh5+ Kg7 28. Ng2 Be8
29. Qh3 fxg4 30. Qxg4 Bg6 31. Ne3 gxf4 32. Rxf4 Rxf4 33. Qxf4 Rf8 34. Qg3 Kh7
35. h4 Rg8 36. Ng4 Bh5 37. Nf6+ Qxf6 38. Qxg8+ Kxg8 39. exf6 Kf7 40. Rf1 Bg4 41.
a5 Bf5 42. Rb1 Bxc2 43. Rxb6 Kxf6 44. Ra6 Kf5 45. Rxa7 e5 46. dxe5 Kxe5 47. Rb7
d4 48. cxd4+ Kxd4 49. a6 Be4 50. Rc7 c3 51. a7 Kd3 52. Kf2 c2 53. Ke1 Bh1 54.
Kf2 Kd2 55. Rd7+ Kc3 56. Rc7+ Kb2 57. Kg3 c1=Q 58. Rxc1 Kxc1 59. Kg4 Kd2 60. Kh5
Ke3 61. Kxh6 Kf4 62. h5 Be4 63. Kg7 Ke5 64. h6 Kd6 65. h7 Kc7 66. h8=Q Kb7 67.
a8=Q+ Kb6 68. Qxe4 {Black resigns} 1-0